 Dungeon Crawl Stone Soup version 0.29-a0-106-g0a07039d5a (webtiles) character file.

Game seed: 13417975545219806263

243 Bodrik the Magician (level 6, -6/45 HPs)
             Began as a Djinni Air Elementalist on Feb 13, 2022.
             Was a Follower of Zin.
             Mangled by a gnoll sergeant (12 damage)
             ... created by the fury of Okawaru
             ... on level 4 of the Dungeon on Feb 16, 2022.
             The game lasted 01:35:53 (5072 turns).

Bodrik the Magician (Djinni Air Elementalist)       Turns: 5072, Time: 01:35:54

Health: -6/45      AC:  3    Str:  9    XL:     6   Next: 31%
Gold:   70         EV: 11    Int: 17    God:    Zin [*.....] SH:  0 Dex: 13

rFire   + + .      SeeInvis .   o - +1 dagger (speed)
rCold   x . .      Faith    .   (no shield)
rNeg    . . .      Spirit   .   v - +0 leather armour
rPois   ∞          Reflect  .   (no helmet)
rElec   .          Harm     .   (no cloak)
rCorr   .          Rampage  .   (no gloves)
Will    .....                   (boots unavailable)
Stlth   ++........              (no amulet)
HPRegen 0.15/turn               (no ring)
MPRegen 0.00/turn               (no ring)

@: about to teleport, flying
A: sickness immunity, fire resistance 2, cold vulnerability 1, float, innate
caster, HP casting, extra vitality 1
a: Renounce Religion, Recite, Donate Gold


You were on level 4 of the Dungeon.
You worshipped Zin.
Zin was aware of your devotion.
You visited 1 branch of the dungeon, and saw 4 of its levels.

You collected 157 gold pieces.
You donated 87 gold pieces to Zin.

Inventory:

Hand Weapons
 d - a +0 dagger
 g - a +0 whip
 o - a +1 dagger of speed (weapon)
 p - a +0 rapier
Missiles
 c - 123 stones
 e - 44 bolts
 l - 87 arrows
 m - 32 sling bullets
 n - 4 boomerangs
Armour
 h - a +0 robe
 v - a +0 leather armour (worn)
Scrolls
 b - a scroll of identify
 f - 2 scrolls of blinking
 k - a scroll of silence
 q - a scroll of fog
 w - a scroll of acquirement {unknown}
Potions
 a - a potion of degeneration
 i - a potion of heal wounds
 r - a potion of magic
 s - a potion of curing
 t - a potion of lignification {unknown}
 u - a potion of ambrosia {unknown}
 x - 2 potions of cancellation {unknown}
 z - 2 potions of haste {unknown}


   Skills:
 + Level 2.6 Fighting
 - Level 2.3 Dodging
 - Level 3.0 Stealth
 + Level 3.9 Spellcasting
 + Level 0.3 Invocations


You couldn't memorise any spells.
You knew the following spells:

 Your Spells              Type           Power      Damage    Failure   Level
a - Shock                 Conj/Air       64%        1d7       4%          1
b - Static Discharge      Conj/Air       16%        N/A       7%          2
c - Swiftness             Air            16%        N/A       13%         3
d - Airstrike             Air            8%         N/A       41%         4
e - Sting                 Tmut/Pois      64%        1d6       4%          1
f - Corpse Rot            Necr/Air       32%        N/A       7%          2
Your spell library was empty.

Dungeon Overview and Level Annotations

Branches:
Dungeon (4/15)
 Temple: D:4-7

Altars:
Elyvilon
Fedhas
Okawaru
Zin

Annotations:
D:4 Pargi, Sigmund


Innate Abilities, Weirdness & Mutations

You are immune to sickness and miasma.
You are immune to poison.
Your flesh is very heat resistant. (rF++)
You are vulnerable to cold. (rC-)
You float through the air rather than walking.
You learn spells naturally, not from books.
Your magical power is your life essence.
You have superior vitality. (+4 MHP)


Message History

You fly upwards.
There is a stone staircase leading down here.
Okawaru sends forces against you!
A cyclops, a gnoll sergeant and 2 gnolls come into view.
The gnoll shouts!
A gnoll comes into view. It is wielding a +0 flail.
The gnoll shouts!
The gnoll sergeant hits you with a +0 trident!
There is a stone staircase leading down here.
The cyclops barely misses you. The gnoll barely misses you.
The gnoll sergeant hits you with a +0 trident!
You fly downwards.
Level annotation: Sigmund Sigmund points at you and mumbles some strange words.
You are confused.
There is a stone staircase leading up here.
Okay, then.
You're too confused to cast spells.
You're too confused to aim your attacks!
You're too confused to aim your attacks!
Pargi the Meek comes into view.
Pargi shouts!
The cyclops throws a large rock.
The large rock misses you.
The large rock hits Sigmund!
The gnoll sergeant hits you with a +0 trident!
* * * LOW HITPOINT WARNING * * *
You feel better.
Sigmund hits you from afar with a +0 scythe!
* * * LOW HITPOINT WARNING * * *
The gnoll sergeant barely misses you.
You are too injured to fight recklessly!
Okay, then.
Level annotation: Pargi, Sigmund Welcome back, Bodrik the Djinni Air Elementalist.
Zin says: Spread the light, my child.
Press ? for a list of commands and other information.
As you read the scroll of teleportation, it crumbles to dust.
You feel strangely unstable.
The gnoll sergeant hits you with a +0 trident!
You die...

.# . ##. .. #.. .#
. . ##.## .# .# #.
##...## .# ..#
#.#.....###.##....
##...C............
#....@g..........#
#..##.......##..
## #.@....##
#......# #..##T..#
....# #...###>#
##.# #.......# #.
##.....## #
#....)#


You could see a cyclops, Pargi, Sigmund and a gnoll sergeant.

Vanquished Creatures
  Natasha (thrice) (D:2)
  8 adders
  5 dart slugs
  An orc (D:3)
  10 endoplasms
  A giant cockroach (D:3)
  11 goblins
  6 hobgoblins
  5 jackals
  3 quokkas
  9 ball pythons
  7 bats
  A frilled lizard (D:2)
  5 kobolds
  9 rats
84 creatures vanquished.

Vanquished Creatures (others)
  4 fungi (D:3)
  5 plants
9 creatures vanquished.

Grand Total: 93 creatures vanquished

Notes
Turn   | Place    | Note
-------+----------+-------------------------------------------
     0 | D:1      | Bodrik the Djinni Air Elementalist began the quest for the
                  | Orb.
     0 | D:1      | Reached XP level 1. HP: 15/15 MP: 0/0
   456 | D:1      | Reached XP level 2. HP: 20/21 MP: 0/0
   893 | D:1      | Reached XP level 3. HP: 24/25 MP: 0/0
   893 | D:1      | Learned a level 1 spell: Sting
  1064 | D:1      | Found a faded altar of an unknown god.
  1150 | D:1      | Prayed at the altar of an unknown god.
  1150 | D:1      | Became a worshipper of Warmaster Okawaru
  1150 | D:1      | Reached * piety under Okawaru
  1152 | D:1      | Upgraded the game from 0.29-a0-97-g88c9fad16d to
                  | 0.29-a0-100-g60f898f876
  1956 | D:2      | Reached XP level 4. HP: 25/31 MP: 0/0
  2053 | D:2      | Noticed Natasha
  2067 | D:2      | Killed Natasha
  2068 | D:2      | Reached skill level 1 in Fighting
  2277 | D:2      | Noticed Natasha
  2320 | D:2      | Killed Natasha
  2321 | D:2      | Reached XP level 5. HP: 14/37 MP: 0/0
  2321 | D:2      | Learned a level 2 spell: Corpse Rot
  2956 | D:2      | Noticed Natasha
  2971 | D:2      | Killed Natasha
  3731 | D:3      | Reached XP level 6. HP: 35/44 MP: 0/0
  3988 | D:3      | Found a blossoming altar of Fedhas.
  4029 | D:3      | Fell from the grace of Okawaru
  4029 | D:3      | Became a worshipper of Fedhas Madash
  4386 | D:3      | Found a glowing silver altar of Zin.
  4392 | D:3      | Fell from the grace of Fedhas
  4392 | D:3      | Became a worshipper of Zin the Law-Giver
  4392 | D:3      | Reached * piety under Zin
  4396 | D:3      | Donated 72 gold pieces to Zin
  4816 | D:3      | Found a white marble altar of Elyvilon.
  5032 | D:4      | Noticed Sigmund
  5066 | D:3      | Noticed a cyclops
  5070 | D:4      | Noticed Pargi
  5072 | D:4      | Upgraded the game from 0.29-a0-100-g60f898f876 to
                  | 0.29-a0-106-g0a07039d5a
  5072 | D:4      | Mangled by a gnoll sergeant

Illustrated notes

Levels and vault maps discovered:
D:1:      scummos_arrival_star, layout_basic,
          dreamdust_ecumenical_altar_hidden_monk_grotto, minmay_strange_pillars,
          hex_medium
D:2:      layout_rooms, minmay_quantized, uniq_natasha
D:3:      layout_basic, mainiacjoe_overflow_alcove_2, zin_scriptorium,
          fedhas_altar_3
D:4:      layout_layer_cave, mainiacjoe_overflow_large_starburst, uniq_pargi,
          uniq_sigmund

Skill      XL: |  1  2  3  4  5  6 |
---------------+-------------------+-----
Spellcasting   | 3 |  3.9
Fighting       | 1 2 |  2.6
Stealth        | 2 3 |  3.0
Dodging        | |  2.3
Invocations    | |  0.3

Action                   |  1- 3 |  4- 6 || total
-------------------------+-------+-------++-------
Melee: Unarmed           |    20 |       ||    20
       Mace              |     3 |       ||     3
       Dagger            |    15 |    19 ||    34
 Cast: Shock             |    44 |    65 ||   109
       Sting             |     9 |    33 ||    42
       Corpse Rot        |       |     1 ||     1
Invok: Heroism           |     1 |       ||     1
       Donate Gold       |       |     1 ||     1
  Use: Scroll            |       |     8 ||     8
       Potion            |       |     1 ||     1
Armor: Robe              |    16 |     8 ||    24
Dodge: Dodged            |    50 |    29 ||    79

Table legend: (Time is in decaauts)
 A = Elapsed time spent in this place.
 B = Non-inter-level travel time spent in this place.
 C = Inter-level travel time spent in this place.
 D = Time resting spent in this place.
 E = Time spent auto-exploring this place.
 F = Levels seen in this place.
 G = Mean time per level.
                   A        B        C        D        E       F      G
               +--------+--------+--------+--------+--------+-----+--------+
         Total |   5071 |   4912 |    159 |   1716 |   1784 |   4 | 1267.8 |
       Dungeon |   5071 |   4912 |    159 |   1716 |   1784 |   4 | 1267.8 |
               +--------+--------+--------+--------+--------+-----+--------+

Top non-repeatable levels by time:
     D:1: 1929 daAuts
     D:2: 1696 daAuts
     D:3: 1419 daAuts
     D:4: 27 daAuts
